 Dungeon Crawl Stone Soup version 0.31-a0-431-g88bdf31460 (webtiles) character file.

Game seed: 15538766666705969082

56616 Ofeo the Fighter (level 14, -1/118 HPs)
             Began as a Demonspawn Shapeshifter on July 31, 2023.
             Was a High Priest of Wu Jian.
             Slain by a polar bear (7 damage)
             ... while petrified by a basilisk
             ... on level 5 of the Lair of Beasts.
             The game lasted 00:35:05 (21763 turns).

Ofeo the Fighter (Demonspawn Shapeshifter)         Turns: 21763, Time: 00:35:06

Health: -1/118     AC:  4    Str: 27    XL:     14   Next: 42%
Magic:  14/14      EV:  2    Int:  9    God:    Wu Jian [*****.]
Gold:   1393       SH:  0    Dex: 12    Spells: 10/13 levels left

rFire   . .          .
                       - Unarmed
rCold   + . .        (no shield)
rNeg    + + +        j - melded +0 plate armour {rPois}
rPois   ∞            o - +0 helmet
rElec   .            y - +2 cloak
rCorr   .            (gloves unavailable)
SInv    .            (no boots)
Will    .....        D - amulet of regeneration
Stlth   +            F - ring of Yfuewul {Will- EV+5 Slay+6}
HPRegen 1.19/turn    C - ring of the Saviour {rN+ Str+6 Slay+2}
MPRegen 0.14/turn

%: repel missiles
@: maw-form, petrified
A: devouring maw, claws 3, repulsion field 3, ignite blood 1, demonic magic 1,
clumsy 1, cold resistance 1
a: Begin Untransformation, Renounce Religion, Wall Jump, Serpent's Lash,
Heavenly Storm


You were on level 5 of the Lair of Beasts.
You worshipped Wu Jian.
Wu Jian was extremely pleased with you.
You were a creature with a mouth for a stomach.
You visited 3 branches of the dungeon, and saw 18 of its levels.
You also visited: Trove, Bailey, Ice Cave and Volcano.

You collected 1473 gold pieces.
You spent 80 gold pieces at shops.

Inventory:

Missiles
 f - 2 curare-tipped darts
Armour
 j - a +0 plate armour of poison resistance (melded)
 o - a +0 helmet (worn)
 p - +0 ice dragon scales
 y - a +2 cloak (worn)
Jewellery
 e - an amulet of magic regeneration
 A - a ring of protection from fire
 C - the ring of the Saviour (right claw) {rN+ Str+6 Slay+2}
   (You found it in a treasure trove)

   [ring of strength]

   Str:       It affects your strength (+6).
   Slay:      It affects your accuracy & damage with ranged weapons and melee
   (+2).
   rN:        It protects you from negative energy.
 D - an amulet of regeneration (around neck)
 F - the ring of Yfuewul (left claw) {Will- EV+5 Slay+6}
   (You found it in a treasure trove)

   [ring of evasion]

   EV:        It affects your evasion (+5).
   Slay:      It affects your accuracy & damage with ranged weapons and melee
   (+6).
   Will:      It decreases your willpower.
 G - an amulet of guardian spirit
 H - the ring "Newa" {MP+9 Str+5 Slay-3 SInv}
   (You found it in a treasure trove)

   [ring of magical power]

   Str:       It affects your strength (+5).
   Slay:      It affects your accuracy & damage with ranged weapons and melee
   (-3).
   MP:        It affects your magic capacity (+9).
   SInv:      It lets you see invisible.
 J - a ring of see invisible
 K - an amulet of the acrobat
 O - the ring "Guneupseh" {Will+ Str+6 Dex+2}
   (You found it in a treasure trove)

   [ring of strength]

   Str:       It affects your strength (+6).
   Dex:       It affects your dexterity (+2).
   Will:      It increases your willpower.
Talismans
 c - a beast talisman
 I - a maw talisman (active)
Wands
 v - a wand of roots (20)
 M - a wand of paralysis (2)
Scrolls
 b - a scroll of enchant weapon
 d - 11 scrolls of teleportation {@r3}
 g - 7 scrolls of blinking {@r4}
 i - 3 scrolls of identify {@r1}
 k - 3 scrolls of immolation
 l - a scroll of vulnerability
 m - 2 scrolls of fog
 u - 5 scrolls of revelation
 x - 2 scrolls of butterflies
 B - a scroll of poison
 E - a scroll of enchant armour
 N - a scroll of silence {unknown}
 P - 2 scrolls of fear
Potions
 a - 10 potions of ambrosia
 h - 5 potions of heal wounds {@q2}
 n - 3 potions of enlightenment
 q - 9 potions of curing {@q1}
 r - 4 potions of cancellation
 s - 3 potions of brilliance
 t - 4 potions of haste {@q3}
 w - 4 potions of might {@q4}
 z - 2 potions of attraction
 L - 2 potions of mutation


   Skills:
 + Level 13.4 Fighting
 + Level 12.3 Dodging
 + Level 12.4 Unarmed Combat
 - Level 10.2 Shapeshifting


You had 10 spell levels left.
You knew the following spells:

 Your Spells              Type           Power      Damage    Failure   Level
a - Ozocubu's Armour      Ice            0%         N/A       77%         3

Your spell library contained the following spells:

 Spells                   Type           Power      Damage    Failure   Level
 Foxfire                  Conj/Fire      0%         2x1d4     38%         1
 Magic Dart               Conj           0%         1d3       38%         1
 Sandblast                Erth           0%         2d4       38%         1
 Slow                     Hex            0%         N/A       38%         1
 Call Imp                 Summ           0%         N/A       52%         2
 Ensorcelled Hibernation  Hex/Ice        0%         N/A       52%         2
 Passwall                 Tmut/Erth      0%         N/A       52%         2
 Poisonous Vapours        Pois/Air       0%         N/A       52%         2
 Scorch                   Fire           0%         2d5       52%         2
 Searing Ray              Conj           0%         2d4       52%         2
 Confusing Touch          Hex            0%         N/A       77%         3
 Mephitic Cloud           Conj/Pois/Air  0%         N/A       77%         3
 Stone Arrow              Conj/Erth      0%         3d7       77%         3
 Vampiric Draining        Necr           0%         2d6       77%         3
 Anguish                  Hex/Necr       0%         N/A       99%         4
 Animate Armour           Summ/Erth      0%         N/A       99%         4
 Flame Wave               Conj/Fire      0%         2d4       99%         4
 Fulminant Prism          Conj/Hex       0%         3d5       99%         4
 Freezing Cloud           Conj/Ice/Air   0%         6-21      100%        5
 Summon Forest            Summ/Tloc      0%         N/A       100%        5
 Eringya's Noxious Bog    Tmut/Pois      0%         4d6       100%        6
 Plasma Beam              Fire/Air       0%         2x1d10    100%        6
 Starburst                Conj/Fire      0%         6d3       100%        6
 Summon Cactus Giant      Summ           0%         N/A       100%        6
 Ozocubu's Refrigeration  Ice            0%         4d7       100%        7
 Summon Hydra             Summ           0%         N/A       100%        7
 Lehudib's Crystal Spear  Conj/Erth      0%         10d2      100%        8


Dungeon Overview and Level Annotations

Branches:
Dungeon (12/15)            Temple (1/1) D:5            Lair (5/5) D:11
  Swamp (0/4) Lair:2        Snake (0/4) Lair:2        Slime (0/5) Lair:5
 Bailey (visited)           IceCv (visited)         Volcano (visited)
    Orc: D:9-12

Altars:
Ashenzari
Cheibriados
Dithmenos
Fedhas
Gozag
Hepliaklqana
Kikubaaqudgha
Makhleb
Nemelex Xobeh
Okawaru
Qazlal
Ru
Sif Muna
Trog
Uskayaw
Vehumet
Wu Jian
Xom
Yredelemnul

Shops:
D:3 ?

Annotations:
D:5 2 transporters, randomguy2701's ghost, amateur MiFi
D:6 3 runed translucent doors, Gelion's ghost, novice OpSh
D:8 1 runed translucent door, GrumpyGrim72's ghost, novice OpCj


Innate Abilities, Weirdness & Mutations

You are a creature with a mouth for a stomach.
Your midsection houses a second, enormous mouth.
You are immune to poison.
You have claws for hands.
You are surrounded by a strong repulsion field. (EV +4, RMsl)
Your demonic aura sometimes causes spilled blood to erupt in flames.
Spells you cast may paralyse adjacent enemies.
You are clumsy. (Dex -2)
Your flesh is cold resistant. (rC+)


Message History

The komodo dragon bites you.
An elephant comes into view.
The polar bear bites you. The polar bear claws you. x2
The basilisk bites you! The komodo dragon bites you! The basilisk bites you!
The polar bear bites you.
The polar bear claws you but does no damage.
The polar bear claws you. The komodo dragon bites you. The basilisk bites you!
The elephant tramples you but does no damage.
The elephant completely misses you. The polar bear bites you.
The polar bear claws you.
The polar bear claws you but does no damage.
The komodo dragon bites you!! The polar bear bites you!
The polar bear claws you. x2
The basilisk gazes at you.
You struggle to resist.
The elephant tramples you!!
* * * LOW HITPOINT WARNING * * *
You are shoved backwards!
The elephant tramples you but does no damage.
The elephant trunk-slaps you.
* * * LOW HITPOINT WARNING * * *
The polar bear bites you!
* * * LOW HITPOINT WARNING * * *
The polar bear claws you.
The polar bear claws you but does no damage.
The komodo dragon bites you!!
* * * LOW HITPOINT WARNING * * *
The elephant tramples you but does no damage.
The elephant trunk-slaps you.
* * * LOW HITPOINT WARNING * * *
The polar bear bites you!
* * * LOW HITPOINT WARNING * * *
The polar bear claws you but does no damage.
The polar bear claws you.
* * * LOW HITPOINT WARNING * * *
The komodo dragon bites you but does no damage.
The elephant tramples you!
* * * LOW HITPOINT WARNING * * *
You are shoved backwards!
The polar bear bites you!
You die...

#... ...$..
#...#####...#..
......#.......
...........#
#.....Y..##.
#.Y...........#
####hl...........#
#.#WY..#.........##
#...l##..........#
###...###.#.......##
##.............)....#
#......P............##
##.8..÷÷P.>..##......#
#....................#
##............#.....##
##.......P...####..##


You could see 3 elephants, a polar bear, a komodo dragon and a basilisk.

Vanquished Creatures
  4 hydras
  2 ice dragons
  2 two-headed ogres
  5 death yaks (Lair:3)
  Nergalle (Lair:3)
  2 skysharks
  Pikel (D:8)
  2 lindwurms (Volcano)
  A manticore (D:11)
  An ugly thing (D:11)
  2 cyclopes
  2 ice statues (IceCv)
  7 elephants
  4 black mambas
  4 molten gargoyles (Volcano)
  11 cane toads
  7 rime drakes
  9 komodo dragons
  4 efreet
  2 trolls
  4 polar bears (Lair:4)
  A queen bee (Lair:3)
  21 blink frogs
  A hornet (D:10)
  7 dream sheep (Lair:5)
  5 slime creatures (D:10)
  5 spriggans (Bailey)
  A shadow (D:11)
  47 yaks
  A water elemental (D:12)
  6 wyverns
  4 fire elementals (Volcano)
  3 basilisks
  A steam dragon (Bailey)
  2 swamp worms (Lair:2)
  4 wargs (D:10)
  3 nagas (Lair:2)
  3 acid dragons
  13 water moccasins
  3 ice beasts
  A sky beast (D:8)
  A black bear (D:11)
  5 orc warriors
  6 ogres
  12 wolves
  10 centaurs
  3 lemures (D:8)
  A phantom (D:4)
  2 kobold brigands
  10 bullfrogs
  A scorpion (D:7)
  An earth elemental (Volcano)
  44 killer bees
  2 lindwurm simulacra (IceCv)
  4 howler monkeys
  3 electric eels
  7 komodo dragon simulacra (IceCv)
  6 jellies
  7 orc priests
  A hound (D:6)
  A gnoll bouda (D:6)
  A sleepcap (D:5)
  Jessica (D:3)
  4 iguanas
  12 orc wizards
  6 gnolls
  7 acid dragon simulacra (IceCv)
  6 adders
  A shadow imp (D:7)
  5 steam dragon simulacra (IceCv)
  An ufetubus (D:5)
  2 worms
  A dart slug (D:5)
  40 orcs
  7 ball pythons
  5 endoplasms
  3 giant cockroaches
  9 goblins
  6 hobgoblins
  13 jackals
  6 quokkas
  A bat (D:3)
  A frilled lizard (D:2)
  19 kobolds
  7 rats
500 creatures vanquished.

Vanquished Creatures (others)
  An earth elemental (Volcano)
  An orc (D:12)
2 creatures vanquished.

Grand Total: 502 creatures vanquished

Notes
Turn   | Place    | Note
-------+----------+-------------------------------------------
     0 | D:1      | Ofeo the Demonspawn Shapeshifter began the quest for the
                  | Orb.
     0 | D:1      | Reached XP level 1. HP: 15/15 MP: 1/1
   150 | D:1      | Gained mutation: You are surrounded by a mild repulsion
                  | field. (EV +2) [demonic ancestry]
   150 | D:1      | Reached XP level 2. HP: 21/21 MP: 2/2
   801 | D:1      | Reached XP level 3. HP: 27/27 MP: 3/3
  1074 | D:2      | Reached skill level 2 in Fighting
  1385 | D:2      | Found a shimmering blue altar of Sif Muna.
  1398 | D:2      | Gained mutation: You have sharp fingernails. [demonic
                  | ancestry]
  1398 | D:2      | Reached XP level 4. HP: 33/33 MP: 4/4
  1704 | D:3      | Found a faded altar of an unknown god.
  1891 | D:3      | Noticed Jessica
  1894 | D:3      | Killed Jessica
  1902 | D:3      | Found Guyroa's Magic Scroll Emporium.
  2357 | D:3      | Bought a scroll of fog for 40 gold pieces
  2357 | D:3      | Bought a scroll of butterflies for 40 gold pieces
  2719 | D:3      | Gained mutation: You have very sharp fingernails. [demonic
                  | ancestry]
  2719 | D:3      | Reached XP level 5. HP: 11/39 MP: 5/5
  3110 | D:4      | Noticed an ogre
  3116 | D:4      | Killed an ogre
  3117 | D:4      | Reached skill level 3 in Fighting
  3423 | D:4      | Noticed a phantom
  3437 | D:4      | Killed a phantom
  3438 | D:4      | Gained mutation: You are surrounded by a moderate repulsion
                  | field. (EV +3) [demonic ancestry]
  3438 | D:4      | Reached XP level 6. HP: 42/47 MP: 6/6
  3854 | D:5      | Entered Level 5 of the Dungeon
  3931 | D:5      | Found a transporter.
  4021 | D:5      | Noticed an ice beast
  4022 | D:5      | Found a staircase to the Ecumenical Temple.
  4316 | D:5      | Gained mutation: You do not regenerate when monsters are
                  | visible. [potion of mutation]
  4316 | D:5      | Gained mutation: You have sharp toenails. [potion of
                  | mutation]
  4323 | D:5      | Killed an ice beast
  4324 | D:5      | Gained mutation: Your demonic aura sometimes causes spilled
                  | blood to erupt in flames. [demonic ancestry]
  4324 | D:5      | Reached XP level 7. HP: 53/53 MP: 7/7
  4334 | D:5      | Found a transporter.
  4440 | D:5      | Noticed randomguy2701's ghost (amateur MiFi)
  4532 | D:5      | Found the +5 Force Lance {heavy, knockback}
  4910 | D:6      | Found a runed translucent gate.
  4910 | D:6      | Found a runed translucent gate.
  4910 | D:6      | Noticed Gelion's ghost (novice OpSh)
  4911 | D:6      | Found a runed translucent gate.
  4926 | D:6      | Reached skill level 4 in Fighting
  5319 | Temple   | Entered the Ecumenical Temple
  5425 | Temple   | Became a worshipper of the Wu Jian Council
  5536 | D:6      | Found a snail-covered altar of Cheibriados.
  5541 | D:6      | Reached XP level 8. HP: 39/61 MP: 8/8
  6040 | D:7      | Reached skill level 5 in Unarmed Combat
  6087 | D:7      | Reached skill level 5 in Fighting
  6163 | D:7      | Found a broken altar of Ashenzari.
  6208 | D:7      | Reached skill level 5 in Dodging
  6226 | D:7      | Reached skill level 5 in Shapeshifting
  6430 | D:7      | Noticed a cyclops
  6437 | D:7      | Killed a cyclops
  6438 | D:7      | Reached XP level 9. HP: 38/69 MP: 9/9
  6444 | D:7      | Reached skill level 6 in Fighting
  6975 | D:8      | Noticed an efreet
  6975 | D:8      | Found a runed translucent door.
  6980 | D:8      | Noticed GrumpyGrim72's ghost (novice OpCj)
  6986 | D:8      | Reached * piety under Wu Jian
  7153 | D:8      | Found a flagged portal.
  7182 | Bailey   | Entered a bailey
  7391 | Bailey   | Reached skill level 10 in Shapeshifting
  7391 | Bailey   | Gained mutation: You are surrounded by a strong repulsion
                  | field. (EV +4, RMsl) [demonic ancestry]
  7391 | Bailey   | Reached XP level 10. HP: 77/77 MP: 10/10
  7600 | Bailey   | Noticed a two-headed ogre
  7616 | Bailey   | Killed a two-headed ogre
  7617 | Bailey   | Reached skill level 7 in Fighting
  8011 | D:8      | Reached ** piety under Wu Jian
  8579 | D:9      | Found the +11 plutonium sword {Contam Stlth-}
  8583 | D:9      | Noticed Pikel
  8592 | D:8      | Gained mutation: Spells you cast may paralyse adjacent
                  | enemies. [demonic ancestry]
  8592 | D:8      | Reached XP level 11. HP: 77/83 MP: 11/11
  8967 | D:8      | Killed Pikel
 10562 | D:9      | Reached skill level 8 in Fighting
 11161 | D:9      | Noticed a two-headed ogre
 11166 | D:9      | Killed a two-headed ogre
 11567 | D:10     | Entered Level 10 of the Dungeon
 12074 | D:10     | Found a shadowy altar of Dithmenos.
 12074 | D:10     | Found an opulent altar of Gozag.
 12076 | D:10     | Found an ancient bone altar of Kikubaaqudgha.
 12086 | D:10     | Found a sparkling altar of Nemelex Xobeh.
 12319 | D:10     | Paralysed by a hornet for 1 turns
 12477 | D:10     | Reached *** piety under Wu Jian
 12627 | D:10     | Reached skill level 9 in Fighting
 13262 | D:11     | Reached XP level 12. HP: 76/95 MP: 12/12
 13613 | D:11     | Found a staircase to the Lair.
 13678 | D:11     | Reached **** piety under Wu Jian
 15227 | D:12     | Found a portal to a secret trove of treasure.
 15236 | Trove    | Entered a treasure trove
 15240 | Trove    | Identified the ring of the Saviour {rN+ Str+6 Slay+2}
 15246 | Trove    | Identified the ring of Yfuewul {Will- EV+5 Slay+6}
 15251 | Trove    | Identified the ring "Newa" {MP+9 Str+5 Slay-3 SInv}
 15261 | Trove    | Identified the amulet "Acul" {Spirit Int+3}
 15266 | Trove    | Identified the ring "Guneupseh" {Will+ Str+6 Dex+2}
 15619 | Lair:1   | Entered Level 1 of the Lair of Beasts
 15648 | Lair:1   | Reached skill level 10 in Fighting
 15924 | Lair:1   | Reached skill level 10 in Unarmed Combat
 16297 | Lair:1   | Reached skill level 10 in Dodging
 16855 | Lair:2   | Found a staircase to the Snake Pit.
 16862 | Lair:2   | Reached skill level 11 in Fighting
 17045 | Lair:2   | Found a dark tunnel.
 17133 | Lair:2   | Gained mutation: You have claws for hands. [demonic
                  | ancestry]
 17133 | Lair:2   | Reached XP level 13. HP: 105/106 MP: 13/13
 17171 | Volcano  | Entered a volcano
 17330 | Volcano  | Lost mutation: You do not regenerate when monsters are
                  | visible. [potion of mutation]
 17330 | Volcano  | Lost mutation: You have sharp toenails. [potion of
                  | mutation]
 17330 | Volcano  | Gained mutation: You are agile. (Dex +4, Str/Int -1)
                  | [potion of mutation]
 17330 | Volcano  | Lost mutation: You are agile. (Dex +4, Str/Int -1) [potion
                  | of mutation]
 17330 | Volcano  | Gained mutation: You are clumsy. (Dex -2) [potion of
                  | mutation]
 17330 | Volcano  | Gained mutation: Your flesh is cold resistant. (rC+)
                  | [potion of mutation]
 18831 | Lair:2   | Found a staircase to the Swamp.
 19006 | Lair:3   | Reached skill level 12 in Fighting
 19329 | Lair:3   | Noticed Nergalle
 19410 | Lair:3   | Killed Nergalle
 19979 | Lair:4   | Found a frozen archway.
 19984 | Lair:4   | Reached XP level 14. HP: 116/116 MP: 14/14
 20002 | IceCv    | Entered an ice cave
 20012 | IceCv    | Learned a level 3 spell: Ozocubu's Armour
 20728 | Lair:4   | Reached skill level 13 in Fighting
 21418 | Lair:5   | Entered Level 5 of the Lair of Beasts
 21429 | Lair:5   | Reached ***** piety under Wu Jian
 21670 | Lair:5   | Found a staircase to the Slime Pits.
 21763 | Lair:5   | Slain by a polar bear

Illustrated notes

Levels and vault maps discovered:
D:1:      dpeg_arrival_lava_altar, layout_rooms
D:2:      layout_loops_ring, basic_altar
D:3:      layout_rooms, serial_shops, nicolae_shop_tiny_real_fake_doors,
          nicolae_ecumenical_oubliette, uniq_jessica
D:4:      layout_loops_ring
D:5:      layout_basic, minmay_temple_entry_junction,
          gammafunk_ghost_stat_death, hex_medium, dreamdust_mushroom_princess
D:6:      layout_rooms, lemuel_tele_altar, gammafunk_ghost_nasty_kobolds
D:7:      layout_cave_pools, evilmike_ruin_ashenzari, eino_curves_03,
          minmay_microvault
D:8:      layout_cave_pools, enter_bailey_4, ebering_ghost_inner_flame
D:9:      layout_layer_cave, uniq_pikel
D:10:     layout_loops_ring, nicolae_overflow_quartered_altars, nooodl_orcs_dogs
D:11:     statuecave_lemuel, layout_irregular_city, david_lair_generic
D:12:     layout_basic, erik_orc_2, nicolae_trove_entry_crystal,
          minmay_fractal_squares_diagonal_5, uniq_rupert
Temple:   regret_index_temple_sphere_string
Lair:1:   layout_chaotic_city, lemuel_fruit_fields, grunt_megastairs_3
Lair:2:   layout_roguey, palyth_hydra_swamp_entry, nicolae_snake_entry_squirm,
          lightli_volcano_entry_magma_tube
Lair:3:   layout_gridlike, special_room [special_room_bee],
          infiniplex_staircase_pool, grunt_megastairs_4, uniq_nergalle
Lair:4:   layout_loops_ring, portal_ice_cave_entry_animals_and_master,
          beast_lair_carwin_2
Lair:5:   hangedman_lair_in_review, layout_misc_corridors,
          nicolae_slime_entry_field_trip

Skill      XL: |  1  2  3  4  5  6  7  8  9 10 11 12 13 14 |
---------------+-------------------------------------------+-----
Dodging        | 2 3 4 5 6 8 10 11 12 | 12.3
Unarmed Combat | 3 4 5 6 7 8 10 11 12 | 12.4
Shapeshifting  | 3 4 5 10 | 10.2
Fighting       | 2 3 4 5 6 7 9 11 12 13 | 13.4

Action                     |  1- 3 |  4- 6 |  7- 9 | 10-12 | 13-15 || total
---------------------------+-------+-------+-------+-------+-------++-------
  Melee: Unarmed           |    69 |   130 |   155 |   453 |   347 ||  1154
         Short sword       |    62 |       |       |       |       ||    62
         Punch             |     2 |     7 |     7 |    24 |    38 ||    78
         Kick              |       |     1 |    44 |   169 |     8 ||   222
         Maw               |       |       |       |       |    75 ||    75
 Invoke: Serpent's Lash    |       |       |       |     1 |       ||     1
Ability: Lunge             |       |       |    19 |    49 |    25 ||    93
         Whirlwind         |       |       |    19 |    46 |    86 ||   151
  Evoke: Wand              |       |       |       |     2 |     7 ||     9
    Use: Potion            |       |     5 |     2 |     1 |     1 ||     9
         Scroll            |       |     3 |     8 |     7 |     1 ||    19
   Stab: Sleeping          |     4 |     1 |       |       |       ||     5
         Fleeing           |       |       |       |     1 |       ||     1
 Armour: Animal skin       |    12 |       |       |       |       ||    12
         Plate armour      |       |    48 |   101 |   182 |     3 ||   334
         Skin              |       |     3 |       |       |    22 ||    25
  Dodge: Dodged            |    78 |    62 |    70 |   298 |   300 ||   808
         Repelled          |       |       |       |     2 |     4 ||     6
  Block: Other             |       |       |       |    19 |     5 ||    24
   Form: Maw               |       |       |       |       |     1 ||     1

Table legend: (Time is in decaauts)
 A = Elapsed time spent in this place.
 B = Non-inter-level travel time spent in this place.
 C = Inter-level travel time spent in this place.
 D = Time resting spent in this place.
 E = Time spent auto-exploring this place.
 F = Levels seen in this place.
 G = Mean time per level.
                   A        B        C        D        E       F      G
               +--------+--------+--------+--------+--------+-----+--------+
         Total |  21656 |  20849 |    807 |   4583 |  12565 |  22 |  984.4 |
       Dungeon |  14689 |  14092 |    597 |   3389 |   8747 |  12 | 1224.1 |
        Temple |    131 |     83 |     48 |      0 |     81 |   1 |  131.0 |
          Lair |   4963 |   4801 |    162 |    386 |   3367 |   5 |  992.6 |
         Trove |     58 |     58 |      0 |      0 |      0 |   1 |   58.0 |
        Bailey |    692 |    692 |      0 |    417 |     28 |   1 |  692.0 |
      Ice Cave |    510 |    510 |      0 |    120 |    180 |   1 |  510.0 |
       Volcano |    610 |    610 |      0 |    271 |    162 |   1 |  610.0 |
               +--------+--------+--------+--------+--------+-----+--------+

Top non-repeatable levels by time:
     D:8: 2324 daAuts
     D:9: 1980 daAuts
    D:11: 1931 daAuts
  Lair:2: 1568 daAuts
    D:10: 1271 daAuts
  Lair:1: 1146 daAuts
     D:2: 1094 daAuts
     D:4: 1079 daAuts
  Lair:4: 1073 daAuts
     D:3: 972 daAuts
     D:7: 953 daAuts
     D:6: 951 daAuts
     D:1: 910 daAuts
  Lair:3: 835 daAuts
     D:5: 832 daAuts
